 Dungeon Crawl Stone Soup version 0.19.0-24-gb05acd6 (webtiles) character file.

111247 JeffiDaFish the Peltast (level 16, -7/103 HPs)
             Began as a Gargoyle Fighter on Nov 21, 2016.
             Was the Champion of Makhleb.
             Mangled by a demonic crawler (9 damage)
             ... on level 1 of the Spider Nest.
             The game lasted 01:10:04 (21817 turns).

JeffiDaFish the Peltast (Gargoyle Fighter)         Turns: 21817, Time: 01:10:05

Health: -7/103     AC:  3    Str: 26    XL:     16   Next: 57%
Magic:  24/24      EV:  9    Int: 17    God:    Makhleb [******]
Gold:   1619       SH: 26    Dex: 16    Spells: 1 memorised, 22 levels left

rFire  . . .     SeeInvis +     E - +4 eveningstar "Edeqia Ocrua" {venom, Fragile Int+6}
rCold  . . .     Gourm    .     z - +0 plate armour
rNeg   + . .     Faith    .     G - +0 large shield
rPois  ∞         Spirit   .     n - +2 hat {SInv}
rElec  +         Reflect  +     (no cloak)
rCorr  .         Harm     .     d - +0 pair of gloves
MR     +....                    y - +0 pair of boots
Stlth  ..........               h - +4 amulet of reflection
                                p - +4 ring of protection
                                k - +4 ring of strength

@: exhausted, corroded, flying, slowed, very slow
A: antennae 1, big wings, agile 2, blurry vision 1, deformed body, negative
energy resistance 1, electricity resistance, unbreathing, petrification
resistance, rot immunity, AC +11
a: Stop Flying, Minor Destruction, Lesser Servant of Makhleb, Major Destruction,
Greater Servant of Makhleb, Renounce Religion


You were on level 1 of the Spider Nest.
You worshipped Makhleb.
Makhleb was exalted by your worship.
You were not hungry.

You visited 5 branches of the dungeon, and saw 25 of its levels.
You also visited: Ice Cave.

You collected 2019 gold pieces.
You spent 400 gold pieces at shops.

Inventory:

Hand Weapons
 t - a +3 demon whip of pain
 E - the +4 eveningstar "Edeqia Ocrua" (weapon) {venom, Fragile Int+6}
   (You bought it in a shop on level 12 of the Dungeon)

   It poisons the flesh of those it strikes.
   It affects your intelligence (+6).
   It will be destroyed if unequipped.
Armour
 d - a +0 pair of gloves (worn)
 n - a +2 hat of see invisible (worn)
 y - a +0 pair of boots (worn)
 z - a +0 plate armour (worn)
 G - a +0 large shield (worn)
Jewellery
 h - a +4 amulet of reflection (around neck)
 k - a +4 ring of strength (left hand)
 p - a +4 ring of protection (right hand)
Wands
 B - a wand of teleportation (2/9)
Scrolls
 e - 7 scrolls of teleportation
 g - 5 scrolls of identify
 i - 8 scrolls of remove curse
 l - 2 scrolls of amnesia
 u - a scroll of fear
 C - 2 scrolls of magic mapping
 F - 2 scrolls of recharging
Potions
 b - a potion of magic
 j - 4 potions of ambrosia
 o - a potion of resistance
 r - 2 potions of berserk rage
 s - a potion of agility
 v - a potion of haste
 w - 3 potions of flight
 H - a potion of brilliance
 J - a potion of curing
Books
 A - a book of Unlife

   Spells                             Type                      Level
   a - Recall                         Summoning/Translocation      3
   b - Animate Dead                   Necromancy                   4
   c - Control Undead                 Necromancy                   4
   d - Cigotuvi's Embrace             Necromancy                   5
   e - Death Channel                  Necromancy                   6
   f - Simulacrum                     Ice/Necromancy               6
 I - a book of Minor Magic

   Spells                             Type                      Level
   a - Magic Dart                     Conjuration                  1
   b - Blink                          Translocation                2
   c - Call Imp                       Summoning                    2
   d - Repel Missiles                 Charms/Air                   2
   e - Slow                           Hexes                        2
   f - Conjure Flame                  Conjuration/Fire             3
   g - Mephitic Cloud                 Conjuration/Poison/Air       3
 L - a book of Battle

   Spells                             Type                      Level
   a - Infusion                       Charms                       1
   b - Shroud of Golubria             Charms/Translocation         2
   c - Song of Slaying                Charms                       2
   d - Spectral Weapon                Hexes/Charms                 3
   e - Regeneration                   Charms/Necromancy            3
Miscellaneous
 x - a lamp of fire
Comestibles
 f - 14 bread rations
 m - 9 beef jerkies
 q - 4 slices of pizza
 D - 4 meat rations


   Skills:
 * Level 12.5 Fighting
 * Level 15.4 Maces & Flails
 * Level 12.5 Armour
 - Level 4.8 Dodging
 - Level 2.1 Stealth
 * Level 16.7 Shields
 + Level 5.6 Spellcasting
 + Level 5.2 Necromancy


You had 22 spell levels left.
You knew the following spells:

 Your Spells              Type           Power        Failure   Level  Hunger
a - Animate Dead          Necr           N/A          100%        4    ####...


Dungeon Overview and Level Annotations

Branches:
Dungeon (15/15)            Temple (1/1) D:7            Lair (6/6) D:11
 Shoals (0/4) Lair:2       Spider (1/4) Lair:4        Slime (0/5) Lair:5
    Orc (2/2) D:10            Elf (0/3) Orc:2        Vaults (0/5) D:14
 Depths (0/5) D:15

Altars:
Ashenzari
Cheibriados
Dithmenos
Elyvilon
Fedhas
Gozag
Hepliaklqana
Kikubaaqudgha
Makhleb
Nemelex Xobeh
Okawaru
Qazlal
Ru
Sif Muna
Trog
Uskayaw
Vehumet
Yredelemnul
The Shining One
Jiyva
Lugonu

Shops:
D:11 !   D:12 (   Orc:2 (:%(%

Portals:
Pandemonium: Orc:2


Innate Abilities, Weirdness & Mutations

You are resistant to torment.
Your stone body is resilient. (AC +11)
You are immune to poison.
Your large and strong wings let you fly indefinitely.
You resist negative energy. (rN+)
You are resistant to electric shocks. (rElec)
You can survive without breathing.
You are immune to petrification.
You are immune to rotting.
You have a pair of small antennae on your head.
You are very agile. (Dex +4)
Scrolls take you a little longer to read.
Armour fits poorly on your strangely shaped body.


Message History

The demonic crawler hits you.
* * * LOW HITPOINT WARNING * * *
The entropy weaver casts a spell.
The entropic weave corrodes you!
A wolf spider comes into view.
The entropy weaver gestures wildly while chanting.
The entropic weave corrodes you!
You block the demonic crawler's attack. x2
The demonic crawler hits you.
* * * LOW HITPOINT WARNING * * *
You block the demonic crawler's attack. x3
The entropy weaver mumbles some strange words.
The entropic weave corrodes you!
You block the demonic crawler's attack. x2
The demonic crawler hits you.
* * * LOW HITPOINT WARNING * * *
You block the demonic crawler's attack. x3
You block the demonic crawler's attack. x2; The demonic crawler hits you.
* * * LOW HITPOINT WARNING * * *
There is an open door here.
The demonic crawler hits you!
You die...

#≈..... ######### +≈...s
.......†### ##{. #..†.
#s##### #.### #s{≈≈≈# #.#..
..... #####a#........#.#..
..... #≈≈≈#.......##.#..
#.....####s####.....##.##..
#....#...@...#.^..##.##...
#...#(......#...##.##....
#..##.....##..##'##.....
##.#...##'''##...#.##......
..........††......^........
##########....######..#####
##.#..###.....#
##........#..##
..#......#...#


You could see an entropy weaver and a demonic crawler.

Vanquished Creatures
  Frances (Spider:1)
  Gastronok (Lair:1)
  A ghost moth (Spider:1)
  Louise (Spider:1)
  An emperor scorpion (Spider:1)
  An entropy weaver (Spider:1)
  The ghost of Maxmaps the Peltast, a journeyman OpMo of Cheibriados (Orc:2)
  Josephine (D:13)
  A fire dragon (Lair:6)
  A yaktaur captain (D:15)
  A great orb of eyes (D:14)
  4 hydras
  3 centaur warriors
  2 tengu warriors
  4 death yaks
  5 orc high priests (Orc:2)
  Urug (D:14)
  A soul eater (Orc:2)
  Sonja (D:13)
  The ghost of Spectrina the Unseen, a journeyman VSCK of Xom (D:11)
  3 sixfirhies
  The ghost of infinitevox the Skirmisher, a novice DsAs of Dithmenos (D:8)
  An infernal demonspawn (Orc:2)
  A gelid demonspawn (Orc:2)
  A torturous demonspawn (Orc:2)
  A deep elf mage (Orc:2)
  4 hill giants
  6 orb spiders (Spider:1)
  12 ugly things
  8 orc sorcerers
  A wolf spider zombie (D:15)
  10 wolf spiders (Spider:1)
  A manticore (D:12)
  A cyclops (D:15)
  5 orc knights
  20 elephants
  A rust devil (Orc:2)
  3 centaur zombies
  2 ice statues (IceCv)
  5 black mambas
  5 spiny frogs
  A gargoyle (D:12)
  An orange demon (Orc:2)
  2 freezing wraiths (D:15)
  A yaktaur (D:15)
  8 komodo dragons
  3 rime drakes
  An efreet (D:15)
  2 demonic crawlers (Spider:1)
  2 hellwings (Orc:2)
  4 trolls
  11 jumping spiders (Spider:1)
  A queen bee (shapeshifter) (D:15)
  A merfolk (Lair:2)
  2 polar bears
  The ghost of Firecrotchwizard the Twirler, an amateur MiGl (D:4)
  A tengu conjurer (D:14)
  7 two-headed ogres
  17 blink frogs
  10 dream sheep
  15 hippogriffs
  6 tarantellas (Spider:1)
  2 wyverns
  18 redbacks (Spider:1)
  A shadow (D:12)
  10 basilisks
  4 wraiths (D:13)
  26 yaks
  16 humans (D:14)
  3 hungry ghosts
  3 steam dragons (Lair:6)
  2 wargs
  7 vampire mosquitoes
  3 mottled dragons
  Edmund (D:6)
  2 soldier ants
  10 water moccasins
  3 porcupines
  7 ice beasts
  A swamp drake (Lair:6)
  25 orc warriors
  2 sky beasts
  2 necrophages
  A black bear (D:5)
  3 phantoms
  21 wolves
  14 centaurs
  3 eyes of draining
  20 ogres
  10 crocodiles
  2 big kobolds
  14 bullfrogs
  A gnoll sergeant (D:9)
  8 scorpions
  10 killer bees
  3 howler monkeys (D:10)
  3 wights (D:11)
  2 electric eels (Lair:5)
  9 crimson imps
  2 hounds
  4 jellies
  A quasit (D:10)
  2 gnoll shamans
  23 orc priests
  20 orc wizards
  Terence (D:3)
  Jessica (D:2)
  5 centaur skeletons
  4 iguanas
  14 worker ants
  4 hell rats (Lair:3)
  An ogre zombie (Orc:1)
  A howler monkey zombie (D:9)
  A worker ant zombie (D:10)
  13 gnolls
  15 adders
  3 shadow imps
  An ooze (D:1)
  3 adder skeletons
  An adder zombie (D:9)
  A worm (D:3)
  3 dart slugs
  A leopard gecko (D:7)
  69 orcs
  2 ball pythons
  5 bats
  6 giant cockroaches
  5 goblins
  7 hobgoblins
  11 jackals
  10 kobolds
  5 quokkas
  3 frilled lizards
  2 quokka skeletons
  6 rats
  2 bushes (Lair:3)
  A plant (Lair:3)
753 creatures vanquished.

Vanquished Creatures (others)
  A centaur warrior (D:15)
  A death yak (Lair:6)
  A redback (Spider:1)
  4 centaurs
  2 orcs (Orc:2)
  A kobold (D:7)
  5 fungi
  11 plants
26 creatures vanquished.

Grand Total: 779 creatures vanquished

Notes
Turn   | Place    | Note
-------+----------+-------------------------------------------
     0 | D:1      | JeffiDaFish the Gargoyle Fighter began the quest for the Orb.
     0 | D:1      | Reached XP level 1. HP: 14/14 MP: 1/1
    45 | D:1      | Reached XP level 2. HP: 16/19 MP: 2/2
   319 | D:1      | Reached XP level 3. HP: 17/23 MP: 3/3
   564 | D:1      | Reached skill level 4 in Shields
   761 | D:2      | Noticed Jessica
   773 | D:2      | Killed Jessica
   773 | D:2      | Reached XP level 4. HP: 26/29 MP: 4/4
  1067 | D:3      | Reached XP level 5. HP: 33/33 MP: 5/5
  1115 | D:3      | Reached skill level 1 in Dodging
  1185 | D:3      | Noticed Terence
  1195 | D:3      | Killed Terence
  1547 | D:4      | Reached XP level 6. HP: 33/38 MP: 6/6
  1952 | D:4      | Noticed Firecrotchwizard's ghost (amateur MiGl)
  1973 | D:4      | Killed Firecrotchwizard's ghost
  1973 | D:4      | Reached skill level 1 in Stealth
  1973 | D:4      | Reached skill level 5 in Shields
  1973 | D:4      | Reached XP level 7. HP: 22/43 MP: 7/7
  2404 | D:5      | Entered Level 5 of the Dungeon
  2581 | D:5      | Reached skill level 5 in Maces & Flails
  2880 | D:5      | Reached skill level 5 in Armour
  2979 | D:5      | Reached XP level 8. HP: 41/48 MP: 8/8
  3148 | D:5      | Reached skill level 6 in Shields
  3993 | D:6      | Reached skill level 7 in Shields
  4350 | D:6      | Reached XP level 9. HP: 53/53 MP: 9/9
  4469 | D:6      | Noticed Edmund
  4481 | D:6      | Killed Edmund
  4527 | D:6      | Found a basalt altar of Yredelemnul.
  4589 | D:6      | Found a white marble altar of Elyvilon.
  4754 | D:7      | Reached skill level 5 in Fighting
  4823 | D:7      | Found a blossoming altar of Fedhas.
  4824 | D:7      | Found a stormy altar of Qazlal.
  4841 | D:7      | Found a staircase to the Ecumenical Temple.
  4853 | D:7      | Reached skill level 8 in Shields
  4870 | Temple   | Entered the Ecumenical Temple
  4885 | Temple   | Became a worshipper of Makhleb the Destroyer
  4932 | D:7      | Found an ancient bone altar of Kikubaaqudgha.
  4940 | D:7      | Found a shattered altar of Ashenzari.
  4940 | D:7      | Found a bloodstained altar of Trog.
  4943 | D:7      | Found a deep blue altar of Sif Muna.
  4943 | D:7      | Noticed a two-headed ogre
  4953 | D:7      | Killed a two-headed ogre
  5160 | D:7      | Found a shadowy altar of Dithmenos.
  5421 | D:7      | Found a sparkling altar of Nemelex Xobeh.
  5836 | D:8      | Reached skill level 9 in Shields
  6000 | D:8      | Found a glowing golden altar of the Shining One.
  6035 | D:8      | Reached * piety under Makhleb
  6118 | D:8      | Noticed infinitevox's ghost (novice DsAs)
  6195 | D:8      | Killed infinitevox's ghost
  6195 | D:8      | Reached XP level 10. HP: 59/60 MP: 10/10
  6754 | D:9      | Reached skill level 10 in Shields
  6808 | D:9      | Found a hazy altar of Hepliaklqana.
  6830 | D:9      | Reached ** piety under Makhleb
  6936 | D:9      | Found a sparkling altar of Nemelex Xobeh.
  7133 | D:9      | Found a faded altar of an unknown god.
  7133 | D:9      | Found a faded altar of an unknown god.
  7143 | D:9      | Found a hide-covered altar of Uskayaw.
  7145 | D:9      | Found a faded altar of an unknown god.
  7146 | D:9      | Found a faded altar of an unknown god.
  7415 | D:10     | Entered Level 10 of the Dungeon
  7450 | D:10     | Found a runed door.
  7494 | D:10     | Reached skill level 11 in Shields
  7509 | D:10     | Reached XP level 11. HP: 39/64 MP: 11/11
  7609 | D:10     | Reached *** piety under Makhleb
  7663 | D:10     | Found a staircase to the Orcish Mines.
  7776 | D:10     | Noticed a sixfirhy
  7786 | D:10     | Killed a sixfirhy
  8274 | D:11     | Found Calepef's Distillery.
  8354 | D:11     | Gained mutation: You are agile. (Dex +2) [potion of beneficial mutation]
  8476 | D:11     | Noticed Spectrina's ghost (journeyman VSCK)
  8487 | D:11     | Killed Spectrina's ghost
  8487 | D:11     | Reached skill level 12 in Shields
  8518 | D:11     | Reached skill level 10 in Maces & Flails
  8563 | D:11     | Noticed a white ugly thing
  8587 | D:11     | Killed a white ugly thing
  8764 | D:11     | Found a staircase to the Lair.
  8994 | Lair:1   | Entered Level 1 of the Lair of Beasts
  9008 | Lair:1   | Noticed Gastronok
  9027 | Lair:1   | Killed Gastronok
  9280 | Lair:1   | Gained mutation: Armour fits poorly on your strangely shaped body. [potion of mutation]
  9280 | Lair:1   | Gained mutation: Scrolls take you a little longer to read. [potion of mutation]
  9280 | Lair:1   | Gained mutation: You have a pair of small antennae on your head. [potion of mutation]
  9380 | Lair:1   | Noticed an eight-headed hydra
  9381 | Lair:1   | Noticed a six-headed hydra
  9410 | Lair:1   | Killed an eight-headed hydra
  9417 | Lair:1   | Killed a six-headed hydra
  9417 | Lair:1   | Reached **** piety under Makhleb
  9417 | Lair:1   | Reached XP level 12. HP: 72/72 MP: 12/12
 10305 | Lair:2   | Found a staircase to the Shoals.
 10422 | Lair:2   | Reached skill level 13 in Shields
 11206 | Lair:3   | Identified the +4 great sword of Cataclysm {venom, rC+ Str+4} (You found it on level 3 of the Lair of Beasts)
 11494 | Lair:3   | Reached skill level 14 in Shields
 11595 | Lair:3   | Reached ***** piety under Makhleb
 12212 | Lair:4   | Reached XP level 13. HP: 78/78 MP: 13/13
 12243 | Lair:4   | Found a hole to the Spider Nest.
 13166 | Lair:4   | Identified a scroll of acquirement
 13558 | Lair:5   | Learned a level 4 spell: Animate Dead
 13584 | Lair:5   | Found a viscous altar of Jiyva.
 13585 | Lair:5   | Found a staircase to the Slime Pits.
 13828 | Lair:5   | Reached skill level 1 in Spellcasting
 13835 | Lair:5   | Reached skill level 1 in Necromancy
 14210 | Lair:6   | Entered Level 6 of the Lair of Beasts
 14468 | Lair:6   | Gained mutation: Your large and strong wings let you fly indefinitely. [Gargoyle growth]
 14468 | Lair:6   | Reached XP level 14. HP: 43/87 MP: 17/17
 14541 | Lair:6   | Reached skill level 10 in Armour
 14614 | Lair:6   | Reached ****** piety under Makhleb
 14651 | Lair:6   | Reached skill level 15 in Shields
 14883 | Lair:6   | HP: 4/87 [steam dragon/ball of steam (8)]
 15135 | Lair:6   | Reached skill level 10 in Fighting
 15872 | D:12     | Found Fitaamam's Antique Weapon Boutique.
 15877 | D:12     | Bought an iridescent eveningstar for 400 gold pieces
 15877 | D:12     | Identified the +4 eveningstar "Edeqia Ocrua" {venom, Fragile Int+6} (You bought it in a shop on level 12 of the Dungeon)
 16728 | D:13     | Noticed Sonja
 16740 | D:13     | Killed Sonja
 16801 | D:13     | Found a frozen archway.
 16810 | IceCv    | Entered an ice cave
 16894 | IceCv    | HP: 3/88 [white ugly thing (30)]
 17239 | D:13     | Noticed Josephine
 17254 | D:13     | Killed Josephine
 17896 | D:14     | Noticed Urug
 17931 | D:14     | Reached XP level 15. HP: 93/93 MP: 20/20
 17964 | D:14     | Killed Urug
 18013 | D:14     | Found a gate to the Vaults.
 18366 | D:15     | Entered Level 15 of the Dungeon
 18714 | D:15     | Found a staircase to the Depths.
 18729 | D:15     | Gained mutation: You are very agile. (Dex +4) [potion of beneficial mutation]
 19031 | Orc:1    | Entered Level 1 of the Orcish Mines
 19172 | Orc:1    | Reached skill level 16 in Shields
 19291 | Orc:2    | Entered Level 2 of the Orcish Mines
 19328 | Orc:2    | Paralysed by an orc sorcerer for 6 turns
 19438 | Orc:2    | Noticed Maxmaps's ghost (journeyman OpMo)
 19474 | Orc:2    | Killed Maxmaps's ghost
 19520 | Orc:2    | Found Vecoj's Antique Weapon Shop.
 19547 | Orc:2    | Found a staircase to the Elven Halls.
 19876 | Orc:2    | Found Zin Siod's Food Shop.
 19898 | Orc:2    | Found Zion's Food Boutique.
 20682 | Orc:2    | Reached skill level 15 in Maces & Flails
 20693 | Orc:2    | Reached XP level 16. HP: 101/101 MP: 23/23
 20748 | Orc:2    | Found Jonlulof's Antique Weapon Emporium.
 20748 | Orc:2    | Found Byrph's Book Shoppe.
 20748 | Orc:2    | Found a one-way gate leading to the halls of Pandemonium.
 21008 | Lair:4   | Reached skill level 5 in Spellcasting
 21031 | Spider:1 | Entered Level 1 of the Spider Nest
 21130 | Spider:1 | Noticed Louise
 21148 | Spider:1 | Killed Louise
 21252 | Spider:1 | Noticed Frances
 21256 | Spider:1 | Reached skill level 5 in Necromancy
 21307 | Spider:1 | Killed Frances
 21816 | Spider:1 | HP: 1/103 [demonic crawler (5)]
 21817 | Spider:1 | Mangled by a demonic crawler

Skill      XL: |  1  2  3  4  5  6  7  8  9 10 11 12 13 14 15 16 |
---------------+-------------------------------------------------+-----
Shields        | 4 5 7 9 11 12 14 15 16 | 16.7
Armour         | 4 5 6 7 8 9 11 12 | 12.5
Maces & Flails | 3 4 5 6 8 9 11 12 13 14 15 | 15.4
Dodging        | 1 2 3 4 |  4.8
Fighting       | 4 5 6 7 8 9 10 12 | 12.5
Stealth        | 1 2 |  2.1
Spellcasting   | 2 3 4 5 |  5.6
Necromancy     | 1 3 4 5 |  5.2

Action                   |  1- 3 |  4- 6 |  7- 9 | 10-12 | 13-15 | 16-18 || total
-------------------------+-------+-------+-------+-------+-------+-------++-------
Melee: Flail             |   104 |   153 |   448 |       |       |       ||   705
       Whip              |       |       |   132 |   488 |       |       ||   620
       Dire flail        |       |       |     6 |       |       |       ||     6
       Morningstar       |       |       |       |   456 |   635 |       ||  1091
       Eveningstar       |       |       |       |       |   921 |   264 ||  1185
 Abil: Fly               |       |       |       |       |     1 |       ||     1
Evoke: Wand              |       |       |       |       |     2 |       ||     2
  Use: Potion            |     3 |     3 |     5 |     8 |     8 |     1 ||    28
       Scroll            |     6 |     6 |     6 |     8 |     7 |       ||    33
 Stab: Invisible         |     2 |       |       |       |       |       ||     2
  Eat: Chunk             |       |     4 |    12 |    20 |    27 |     5 ||    68
       Royal jelly       |       |       |     1 |     1 |     1 |       ||     3
       Beef jerky        |       |       |       |     1 |       |       ||     1
Armor: Scale mail        |    90 |    66 |   269 |   133 |       |       ||   558
       Plate armour      |       |       |       |   344 |   631 |   168 ||  1143
Dodge: Dodged            |    59 |    40 |   215 |   343 |   365 |   102 ||  1124
Block: Shield            |    73 |   125 |   614 |  1112 |  1609 |    62 ||  3595
       Reflection        |       |     1 |     7 |     7 |    57 |     3 ||    75
       Other             |       |       |     1 |       |       |       ||     1
       Large shield      |       |       |       |       |       |   371 ||   371
